 Dungeon Crawl Stone Soup version 0.15.0-27-gbdb0435 (console) character file.

875 gw the Sculptor of Flesh (level 7, -5/63 HPs)
             Began as a Deep Dwarf Death Knight on Sept 11, 2014.
             Was an Elder of Yredelemnul.
             Slain by a mummy (12 damage)
             ... in an ossuary.
             The game lasted 00:05:04 (4483 turns).

gw the Sculptor of Flesh (Deep Dwarf Death Knight)  Turns: 4483, Time: 00:05:04

HP  -5/63        AC 11     Str 17      XL: 7   Next: 74%
MP  14/14        EV  5     Int 11      God: Yredelemnul [****..]
Gold 0           SH  0     Dex 14      Spells:  0 memorised,  6 levels left

rFire  . . .     SeeInvis .     b - +0 hand crossbow (curse)
rCold  . . .     Clarity  .     l - +0 plate armour (curse)
rNeg   + . .     rCorr    .     (no shield)
rPois  .         rRot     .     (no helmet)
rElec  .         Spirit   .     (no cloak)
SustAb +         Warding  .     (no gloves)
rMut   .         Stasis   .     (no boots)
Gourm  .                        (no amulet)
MR     +....                    m - ring of sustain abilities
                                e - ring of positive energy

@: marked, non-regenerating, somewhat resistant to hostile enchantments,
extremely unstealthy
A: damage resistance, recharge devices, sense surroundings 1, slow healing 3
a: Device Recharging, Animate Dead, Recall Undead Slaves, Injury Mirror, Drain
Life, Renounce Religion


You were in an ossuary.
You worshipped Yredelemnul.
Yredelemnul was greatly pleased with you.
You were not hungry.

You visited 1 branch of the dungeon, and saw 5 of its levels.
You also visited: Ossuary.

Inventory:

Hand weapons
 b - a cursed +0 hand crossbow (weapon)
 h - a cursed +0 flail
Missiles
 a - 6 bolts of flame (quivered)
 k - 36 bolts
Armour
 l - a cursed +0 plate armour (worn)
Magical devices
 c - a wand of heal wounds (2)
Comestibles
 d - 4 bread rations
 i - a meat ration
Scrolls
 f - 3 scrolls of identify
 j - 2 scrolls of teleportation
 n - a scroll of remove curse
 q - a scroll of immolation {unknown}
 t - a scroll of random uselessness {unknown}
Jewellery
 e - a ring of positive energy (left hand)
 m - a ring of sustain abilities (right hand)
Potions
 g - 3 potions of restore abilities
 o - a potion of poison {unknown}
 p - a potion of degeneration {unknown}
 r - a potion of lignification {unknown}
 s - a potion of curing


   Skills:
 + Level 3.7 Fighting
 * Level 5.5 Maces & Flails
 + Level 3.4 Crossbows
 + Level 3.7 Armour
 - Level 1.1 Dodging
 + Level 5.9 Invocations


You had 6 spell levels left.
You didn't know any spells.

Dungeon Overview and Level Annotations

Branches:
Dungeon (5/15)             Temple (0/1) D:4

Altars:
Ashenzari
Makhleb
Okawaru
Sif Muna

Shops:
D:4 (


Innate Abilities, Weirdness & Mutations

You are resistant to damage.
You can recharge devices by infusing magical energy.
You passively map a small area around you.
You do not heal naturally.


Message History

The mummy is lightly damaged.
MOVING TO (0,-8) MOVING TO (0,-7) MOVING TO (0,-6)
The mummy hits you but does no damage.
MOVING TO (0,-5) MOVING TO (0,-4)
The mummy hits you!
MOVING TO (0,-3) MOVING TO (0,-2) MOVING TO (0,-1)
A mummy opens the door.
A gnoll zombie comes into view.
MOVING TO (0,8) MOVING TO (0,7)
The mummy hits you!
MOVING TO (1,6)
The mummy hits you!
You die...
Your body rises from the dead as a mindless zombie.

* , * ##### , ,
,, #...# * *
#...# , ##.##
###+### #.# ,
##.....## ##.+,
##......(###.M###
#........(#.gM'.#
+....}....(..Z###
+
#.........#...+,
##.......###..#*
##.....## ##.+
###'### #.# * #.#
##.## , ##.##
#...# , #.\.#
#...#


You could see 2 mummies and a gnoll zombie.

Table legend:
 A = Turns spent in this place as a percentage of turns spent in the entire game.
 B = Non-inter-level travel turns spent in this place as a percentage of non-inter-level travel turns spent in the entire game.
 C = Inter-level travel turns spent in this place as a percentage of turns spent in this place.
 D = Turns resting spent in this place as a percentage of non-inter-level travel turns spent in this place.
 E = Turns spent auto-exploring this place as a percentage of non-inter-level travel turns spent in this place.
 F = Non-inter-level travel turns spent in this place divided by the number of levels of this place that you've seen.
                   A       B       C       D       E      F
               +-------+-------+-------+-------+-------+----------------------
         Total | 100.0 | 100.0 |   2.6 |   0.0 |   8.6 | 430.3
       Dungeon |  97.1 |  97.0 |   2.6 |   0.0 |   8.5 | 501.0
       Ossuary |   2.9 |   3.0 |   0.0 |   0.0 |  13.0 |  77.0
               +-------+-------+-------+-------+-------+----------------------

Table legend:
 A = Kills in this place as a percentage of kills in entire the game.
 B = Kills by you in this place as a percentage of kills by you in the entire game.
 C = Kills by friends in this place as a percentage of kills by friends in the entire game.
 D = Other kills in this place as a percentage of other kills in the entire game.
 E = Experience gained in this place as a percentage of experience gained in the entire game.
 F = Experience gained in this place divided by the number of levels of this place that you have seen.
                   A       B       C       D       E      F
               +-------+-------+-------+-------+-------+----------------------
         Total | 100.0 | 100.0 | 100.0 |  -nan | 100.0 | 208.3
       Dungeon |  97.9 |  96.8 | 100.0 |  -nan |  95.8 | 239.6
       Ossuary |   2.1 |   3.2 |   0.0 |  -nan |   4.2 |  52.0
               +-------+-------+-------+-------+-------+----------------------

Vanquished Creatures
  An ice beast (D:3)
  An ogre (D:4)
  A gnoll sergeant (D:5)
  A hound (D:4)
  2 orc priests
  Natasha (twice) (D:3)
  An iguana (D:5)
  2 orc wizards (D:4)
  Ijyb (D:2)
  3 mummies (Ossuary)
  3 adders
  2 green rats (D:3)
  3 gnolls (D:3)
  A giant mite (D:3)
  A white imp (D:3)
  2 worms
  3 giant geckos
  An ooze (D:1)
  7 orcs
  A ball python (D:2)
  3 giant cockroaches
  8 hobgoblins
  5 bats
  3 giant newts
  11 goblins
  A hobgoblin skeleton (D:5)
  10 jackals
  10 kobolds
  A kobold skeleton (D:4)
  5 rats
96 creatures vanquished.

Vanquished Creatures (collateral kills)
  A centaur (D:5)
  A scorpion (D:3)
  2 hounds
  An iguana (D:4)
  An orc wizard (D:4)
  5 gnolls
  3 adders
  Natasha (D:3)
  A green rat (D:3)
  A giant gecko (D:3)
  8 orcs (D:4)
  3 goblins
  4 hobgoblins
  A quokka (D:3)
  A bat (D:3)
  3 giant newts
  A goblin skeleton (D:4)
  5 kobolds
  4 rats
  2 plants (D:3)
49 creatures vanquished.

Vanquished Creatures (others)
  A worm zombie (D:3)
  An adder zombie (D:3)
  2 orc zombies (D:3)
  A felid zombie (D:3)
  A bat zombie (D:1)
  A goblin zombie (D:3)
  2 kobold zombies
  A rat zombie (D:3)
  2 plants (D:3)
12 creatures vanquished.

Grand Total: 157 creatures vanquished

Notes
Turn   | Place    | Note
--------------------------------------------------------------
     0 | D:1      | gw, the Deep Dwarf Death Knight, began the quest for the Orb.
     0 | D:1      | Reached XP level 1. HP: 19/19 MP: 2/2
   152 | D:1      | Reached XP level 2. HP: 12/26 MP: 2/4
   648 | D:1      | Reached XP level 3. HP: 24/32 MP: 5/5
  1119 | D:2      | Acquired Yredelemnul's second power
  1191 | D:2      | Found an iron altar of Okawaru.
  1197 | D:2      | Reached skill level 4 in Invocations
  1391 | D:2      | Noticed Ijyb
  1419 | D:2      | Killed Ijyb
  1467 | D:2      | Reached XP level 4. HP: 23/40 MP: 7/7
  1736 | D:3      | Found an iron altar of Okawaru.
  1784 | D:3      | Reached skill level 1 in Crossbows
  1842 | D:3      | Reached XP level 5. HP: 33/46 MP: 7/9
  1918 | D:3      | Noticed Natasha
  1926 | D:3      | Killed Natasha
  1973 | D:3      | Noticed Natasha
  1980 | D:3      | Killed Natasha
  2082 | D:3      | Acquired Yredelemnul's third power
  2099 | D:3      | Noticed Natasha
  2111 | D:3      | Killed Natasha
  2430 | D:3      | Your ally Natasha died
  2513 | D:3      | Reached XP level 6. HP: 45/56 MP: 11/11
  2619 | D:3      | Found a shattered altar of Ashenzari.
  2631 | D:3      | Found a burning altar of Makhleb.
  2719 | D:3      | Noticed an ice beast
  2736 | D:3      | Killed an ice beast
  2736 | D:3      | Reached skill level 5 in Invocations
  2863 | D:3      | Gained mutation: Your muscles are strong. (Str +2) [potion of mutation]
  2863 | D:3      | Gained mutation: You have supernaturally acute eyesight. [potion of mutation]
  3049 | D:4      | Found Uwaot's Weapon Boutique.
  3259 | D:4      | Reached XP level 7. HP: 54/62 MP: 13/13
  3328 | D:4      | Received a gift from Yredelemnul
  3493 | D:4      | Found a staircase to the Ecumenical Temple.
  4103 | D:4      | Found a deep blue altar of Sif Muna.
  4163 | D:4      | Reached skill level 5 in Maces & Flails
  4205 | D:4      | Lost mutation: Your muscles are strong. (Str +2) [potion of cure mutation]
  4205 | D:4      | Lost mutation: You have supernaturally acute eyesight. [potion of cure mutation]
  4233 | D:5      | Entered Level 5 of the Dungeon
  4351 | D:5      | Acquired Yredelemnul's fourth power
  4403 | D:5      | Found a sand-covered staircase.
  4412 | Ossuary  | Entered an ossuary
  4483 | Ossuary  | Slain by a mummy

Action                   |  1- 3 |  4- 6 |  7- 9 || total
-------------------------+-------+-------+-------++-------
Melee: Mace              |   133 |    33 |       ||   166
       Flail             |       |   147 |    44 ||   191
 Fire: Hand crossbow     |     7 |    82 |    21 ||   110
Invok: Animate Remains   |    17 |    10 |       ||    27
       Animate Dead      |       |     6 |     8 ||    14
       Recall Undead Sla |       |     5 |       ||     5
Evoke: Wand              |     1 |     5 |     3 ||     9
  Use: Potion            |     2 |     8 |     2 ||    12
       Scroll            |     2 |     5 |     2 ||     9
 Stab: Distracted        |       |     1 |       ||     1
  Eat: Chunk             |     3 |     7 |     2 ||    12
       Bread ration      |       |       |     1 ||     1

Vault maps used:
D:1:      minmay_arrival_up_and_down, roderic_hopi_sauvastika,
          minmay_misc_feat_square, st_stairs_14, minmay_stone_trees_medium,
          minmay_hedge_maze
D:2:      okawaru_trees_2, uniq_iyjb
D:3:      wad_woods_settlement, gammafunk_temple_overflow_forgotten,
          uniq_natasha
D:4:      minmay_temple_entry_junction, serial_shops, kennysheep_little_box,
          first_bread, minmay_misc_feat_cross, lemuel_blue_sif_altar
D:5:      lemuel_doored_altar, gup_sewer_entry_bowl,
          nicolae_ossuary_entry_monument
Ossuary:  ossuary_crypta
